Map: Abyssal Reef LE

Players

Namshar - Winner!

  • Race: Zerg Zerg
  • Spawn Location: 11:00

aLo

  • Race: Zerg Zerg
  • Spawn Location: 5:00

Event: IEM XI Katowice - World Championship 2017

VOD

Have the link to the VOD?

Description

Time

  • Played on: Feb. 28, 2017, 9:17 a.m.
  • Length: 8:39

All games in this series

Show
View Real Time Build Order
Export as new Build Order

Namshar Zerg - Winner!

Build Orders: Pool First 

Get SALT Encoding   

  12  0:02  Drone  
  13  0:12  Overlord  
  13  0:18  Drone  
  14  0:31  Drone x2  
  14  0:34  Drone  
  17  0:44  Spawning Pool  
  17  0:49  Drone  
  17  1:09  Hatchery  
  16  1:11  Drone  
  16  1:15  Drone  
  18  1:28  Extractor  
  17  1:32  Queen  
  17  1:33  Zergling x2  
  17  1:37  Drone  
  21  1:41  Zergling x2  
  21  1:46  Spine Crawler  
  21  1:49  Zergling x2  
  22  2:02  Overlord  
  22  2:20  Queen  
  24  2:29  Drone  
  23  2:34  Overlord  
  23  2:37  Drone x2  
  23  2:40  Drone  
  26  2:45  Drone  
  26  2:46  Drone  
  26  2:50  Drone  
  29  2:53  Drone  
  30  3:00  Drone  
  30  3:01  Drone  
  30  3:05  Metabolic Boost  
  32  3:13  Drone x2  
  33  3:20  Drone x2  
  35  3:29  Overlord  
  34  3:35  Drone  
  34  3:36  Drone x5  
  40  3:49  Hatchery  
  40  3:52  Drone  
  40  3:53  Drone  
  42  3:55  Zergling x4  
  42  3:57  Zergling x2  
  42  4:01  Zergling x4  
  47  4:02  Drone  
  47  4:05  Evolution Chamber  
  47  4:08  Overlord  
  46  4:13  Drone  
  46  4:14  Extractor  
  46  4:16  Queen  
  48  4:20  Drone  
  48  4:21  Drone x2  
  51  4:24  Overlord  
  51  4:26  Drone  
  51  4:27  Drone  
  53  4:32  Zerg Missile Weapons Level 1  
  53  4:36  Roach Warren  
  52  4:42  Extractor  
  51  4:47  Drone x2  
  54  4:52  Drone  
  54  4:53  Overlord x2  
  54  4:57  Drone x4  
  58  5:02  Drone  
  58  5:03  Lair, Drone  
  60  5:08  Overlord  
  60  5:09  Drone  
  60  5:10  Drone  
  60  5:13  Drone x2  
  64  5:19  Drone x2  
  66  5:29  Extractor  
  66  5:31  Extractor  
  66  5:33  Drone x3  
  66  5:34  Drone x3  
  70  5:49  Drone  
  71  5:50  Extractor, Drone x2  
  71  5:51  Drone  
  71  5:53  Overlord  
  73  6:01  Glial Reconstitution  
  73  6:03  Roach x11  
  95  6:05  Overseer  
  95  6:14  Overlord x3  
  95  6:17  Overlord x2  
  95  6:23  Ravager x3  
  95  6:24  Ravager x2  
  95  6:25  Overlord x2  
  100  6:32  Roach x3  
  108  6:33  Roach  
  108  6:36  Roach  
  108  6:37  Roach x2  
  114  6:46  Overlord  
  114  6:47  Roach x4  
  122  6:55  Roach x4  
  122  6:58  Ravager  
  131  7:03  Overlord  
  131  7:05  Roach x3  
  131  7:06  Roach  
  139  7:10  Ravager  
  139  7:16  Overlord  
  139  7:18  Roach x4  
  139  7:19  Roach x2  
  151  7:29  Roach x4  
  159  7:33  Overlord x2  
  159  7:40  Ravager  
  160  7:45  Hatchery, Roach x3  
  165  7:55  Roach x6  
  165  7:57  Ravager x3  
  179  7:59  Ravager  
  179  8:03  Roach  
  179  8:04  Roach  
  184  8:11  Roach  
  184  8:12  Roach x3  
Show
View Real Time Build Order
Export as new Build Order

aLo Zerg 

Build Orders: Pool First 

Get SALT Encoding   

  12  0:17  Spawning Pool  
  11  0:22  Drone  
  11  0:27  Drone  
  13  0:36  Overlord  
  13  0:42  Drone  
  14  1:04  Zergling x4  
  14  1:05  Zergling x2  
  17  1:16  Zergling x2  
  18  1:30  Hatchery  
  17  1:37  Zergling x2  
  17  1:38  Zergling x2  
  19  1:48  Zergling x2  
  20  2:02  Zergling x2  
  21  2:12  Zergling x2  
  21  2:28  Queen  
  20  2:31  Extractor  
  19  2:41  Queen  
  19  2:42  Drone  
  19  2:43  Drone x3  
  25  2:55  Drone x2  
  27  3:04  Spine Crawler  
  26  3:08  Drone x2  
  28  3:30  Evolution Chamber  
  26  3:37  Roach Warren  
  26  3:40  Queen  
  27  3:41  Drone  
  27  3:42  Overlord  
  28  4:01  Drone x5  
  33  4:10  Drone x2  
  35  4:19  Lair  
  35  4:35  Evolution Chamber  
  34  4:42  Spine Crawler  
  33  4:48  Roach  
  33  4:50  Overlord x2  
  35  5:06  Overlord x2  
  35  5:09  Roach x3  
  41  5:16  Roach x2  
  41  5:20  Drone  
  46  5:24  Metabolic Boost  
  46  5:37  Roach  
  46  5:38  Roach x2  
  52  5:44  Drone x2  
  52  5:47  Drone x2  
  56  6:07  Drone x5  
  61  6:11  Extractor  
  61  6:12  Extractor  
  61  6:16  Overlord x2  
  59  6:23  Drone x2  
  61  6:25  Drone  
  61  6:26  Drone x2  
  64  6:36  Roach x3  
  70  6:49  Extractor  
  69  6:58  Spawning Pool  
  69  7:29  Overlord x2  
  69  7:32  Hatchery  
  68  7:58  Zergling x2, Roach x7  
  80  7:59  Zergling x2  

Tags
 
Add a new tag
Caveats
  • Supply blocks, unpowered buildings, or Contaminate may cause inaccurate times.
  • Supply counts are checked every 10 seconds.